 Dungeon Crawl Stone Soup version 0.28.0 (webtiles) character file.

Game seed: 13891781690553823668

6 sanka the Magician (level 1, -1/11 HPs)
             Began as a Deep Elf Transmuter on Feb 8, 2022.
             Slain by a quokka (3 damage)
             ... on level 2 of the Dungeon.
             The game lasted 00:00:37 (243 turns).

sanka the Magician (Deep Elf Transmuter)             Turns: 243, Time: 00:00:37

Health: -1/11      AC:  2    Str:  7    XL:     1   Next: 75%
Magic:  7/7        EV: 12    Int: 17    God:
Gold:   13         SH:  0    Dex: 15    Spells: 6/7 levels left

rFire   . . .      SeeInvis .     - Unarmed
rCold   . . .      Faith    .   (no shield)
rNeg    . . .      Spirit   .   a - +0 robe
rPois   .          Reflect  .   (no helmet)
rElec   .          Harm     .   (no cloak)
rCorr   .          Rampage  .   (no gloves)
Will    .....                   (no boots)
Stlth   +.........              (no amulet)
HPRegen 0.03/turn               (no ring)
MPRegen 0.10/turn               (no ring)

@: no status effects
A: no striking features
a: no special abilities


You were on level 2 of the Dungeon.
You visited 1 branch of the dungeon, and saw 2 of its levels.

You collected 13 gold pieces.

Inventory:

Armour
 a - a +0 robe (worn)
Jewellery
 b - a ring of wizardry
Scrolls
 c - a scroll of teleportation {unknown}


   Skills:
 - Level 0.7 Fighting
 - Level 2.4 Dodging
 - Level 2.4 Unarmed Combat
 + Level 3.7 Spellcasting
 - Level 2.1 Transmutations


You had 6 spell levels left.
You knew the following spells:

 Your Spells              Type           Power      Damage    Failure   Level
a - Beastly Appendage     Tmut           20%        N/A       7%          1

Your spell library contained the following spells:

 Spells                   Type           Power      Damage    Failure   Level
 Wereblood                Tmut           10%        N/A       10%         2
 Spider Form              Tmut/Pois      6%         N/A       30%         3
 Ice Form                 Ice/Tmut       6%         N/A       71%         4


Dungeon Overview and Level Annotations

Branches:
Dungeon (2/15)

Altars:


Message History

Your headbutt misses the kobold. The kobold closely misses you.
You closely miss the kobold. Your punch misses the kobold.
The kobold hits you with a +0 dagger.
You barely miss the kobold. Your headbutt misses the kobold.
You hit the kobold. Your headbutt misses the kobold.
The kobold is moderately wounded.
The kobold misses you.
You barely miss the kobold. Your headbutt misses the kobold.
The kobold is moderately wounded.
The kobold hits you but does no damage.
You closely miss the kobold.
The kobold is moderately wounded.
The kobold hits you with a +0 dagger.
You closely miss the kobold. Your kick misses the kobold.
The kobold is moderately wounded.
Your transformation is almost over.
The kobold hits you but does no damage.
You closely miss the kobold. You headbutt the kobold.
You kill the kobold!
Your horns disappear.
Your talons disappear.
A hobgoblin comes into view.
The hobgoblin shouts!
The endoplasm jiggles.
The hobgoblin barely misses you.
Found a stone staircase leading down.
Found a stone staircase leading down.
There is a stone staircase leading down here.
The gnoll hits you with a +0 flail!
Ouch! That really hurt!
* * * LOW HITPOINT WARNING * * *
You climb downwards.
There is a stone staircase leading up here.
Unknown command.
Found a stone staircase leading down.
Found a book of Displacement.
You see here a book of Displacement.
A quokka comes into view.
The quokka bites you but does no damage.
The quokka bites you.
You die...

#. . . #.
#.########
#........#
#...rg...#
###.#@##..#
#.......##..#####
.####.##..........
#.....#.#..#..###
#.##..:..........
#..........#.....
#.....#.##.#..#..
# #.....#.#
.#..... .#
#.....#.......##
.#


You could see a gnoll and a quokka.

Vanquished Creatures
  A kobold (D:1)
  A quokka (D:1)
  2 bats (D:1)
  A frilled lizard (D:1)
  A rat (D:1)
6 creatures vanquished.

Notes
Turn   | Place    | Note
-------+----------+-------------------------------------------
     0 | D:1      | sanka the Deep Elf Transmuter began the quest for the Orb.
     0 | D:1      | Reached XP level 1. HP: 11/11 MP: 6/6
   243 | D:2      | Slain by a quokka

Illustrated notes

Levels and vault maps discovered:
D:1:      roderic_crossed_star, layout_rooms, skrybe_limestone_x
D:2:      layout_loops_cross, dreamdust_ecumenical_altar_hidden_monk_grotto,
          minmay_tetromino_l2

Action                   || total
-------------------------++-------
Melee: Unarmed           ||    18
       Kick              ||     3
       Headbutt          ||     2
 Cast: Beastly Appendage ||     3
Armor: Robe              ||     6
Dodge: Dodged            ||    16
